 Dungeon Crawl Stone Soup version 0.32-a0-711-g016ad743e0 (webtiles) character file.

Game seed: 2798085540721799280

427 Newt the Cudgeller (level 6, -6/40 HPs)
             Began as a Gargoyle Fighter on Mar 15, 2024.
             Mangled by an ogre
             ... wielding a +0 giant club
              (20 damage)
             ... on level 5 of the Dungeon.
             The game lasted 00:03:41 (4027 turns).

Newt the Cudgeller (Gargoyle Fighter)               Turns: 4027, Time: 00:03:41

Health: -6/40      AC: 13    Str: 22    XL:     6   Next: 97%
Magic:  6/6        EV:  8    Int:  8    God:
Gold:   128        SH:  4    Dex:  9    Spells: 5/5 levels left

rFire   . . .        u - +0 flail
rCold   . . .        c - +0 buckler
rNeg    + . .        b - +0 scale mail
rPois   ∞            l - +0 helmet
rElec   +            (no cloak)
rCorr   .            x - +0 pair of gloves
SInv    .            (no boots)
Will    .....        (no amulet) Stlth
                     (no ring)
HPRegen 0.26/turn    (no ring)
MPRegen 0.10/turn

%: no passive effects
@: very slow
A: sickness immunity, AC +4, negative energy resistance 1, electricity
resistance, torment resistance 1, petrification resistance
a: no special abilities


You were on level 5 of the Dungeon.
You visited 1 branch of the dungeon, and saw 5 of its levels.
You also visited: Sewer.

You collected 128 gold pieces.

Inventory:

Hand Weapons
 a - a +0 flail
 u - a +0 flail (weapon)
Armour
 b - a +0 scale mail (worn)
 c - a +0 buckler (worn)
 l - a +0 helmet (worn)
 x - a +0 pair of gloves (worn)
Jewellery
 i - a ring of fire
Wands
 D - a wand of warping (12)
Scrolls
 f - 3 scrolls of revelation
 g - 6 scrolls of teleportation
 j - a scroll of poison
 k - 2 scrolls of blinking
 n - a scroll of fog
 o - 2 scrolls of butterflies
 q - a scroll of fear {unknown}
 r - a scroll of noise {unknown}
 s - a scroll of vulnerability
 t - a scroll of enchant armour {unknown}
 A - 2 scrolls of brand weapon {unknown}
Potions
 d - 2 potions of might
 e - 2 potions of brilliance {unknown}
 h - 2 potions of curing {unknown}
 m - a potion of ambrosia {unknown}
 p - a potion of degeneration {unknown}
 v - 2 potions of heal wounds {unknown}
 w - a potion of lignification {unknown}
 z - a potion of attraction {unknown}
 B - a potion of mutation {unknown}
 C - 3 potions of magic {unknown}


   Skills:
 + Level 5.5 Fighting
 * Level 6.0 Maces & Flails
 - Level 3.2 Armour
 - Level 3.2 Shields


You had 5 spell levels left.
You didn't know any spells.
Your spell library contained the following spells:

 Spells                   Type           Power      Damage    Failure   Level
 Sandblast                Erth           0%         2d4       80%         1
 Stone Arrow              Conj/Erth      0%         3d7       99%         3
 Brom's Barrelling Bould  Conj/Erth      0%         2d3       100%        4


Dungeon Overview and Level Annotations

Branches:
Dungeon (5/15)              Sewer (visited)
 Temple: D:4-7

Altars:
Nemelex Xobeh
Qazlal

Shops:
D:4 (


Innate Abilities, Weirdness & Mutations

You are immune to sickness and miasma.
Your stone body is resilient. (AC +4)
You are immune to poison.
You resist negative energy. (rN+)
You are resistant to electric shocks. (rElec)
You are resistant to unholy torment.
You are immune to petrification.


Message History

Aim: an ogre, wielding a +0 giant club (lightly wounded, poisoned, 70% to hit)
You throw a poisoned dart. The poisoned dart hits the ogre.
The ogre looks even sicker.
The ogre is lightly wounded.
You hear a splash.
Throw: dart (poison)
Press: ? - help, Q - select action, (/) - cycle Shift-Dir - straight line, f/p - ogre
Aim: an ogre, wielding a +0 giant club (lightly wounded, very poisoned, 70% to hit)
You throw a poisoned dart. The poisoned dart hits the ogre.
The ogre looks even sicker.
The ogre is lightly wounded.
You hit the ogre but do no damage.
The ogre is lightly wounded.
The ogre closely misses you.
You hit the ogre.
The ogre is lightly wounded.
The ogre hits you with a +0 giant club!!
Your unstable footing causes you to fumble your attack.
You barely miss the ogre.
The ogre is heavily wounded.
The ogre hits you with a +0 giant club!
* * * LOW HITPOINT WARNING * * *
You barely miss the ogre.
The ogre is heavily wounded.
The ogre barely misses you.
Unknown command.
You thump the ogre!
The ogre is severely wounded.
The ogre closely misses you.
Unknown command.
Your unstable footing causes you to fumble your attack.
Unknown command.
You barely miss the ogre.
The ogre is almost dead.
The ogre barely misses you.
Unknown command.
Your unstable footing causes you to fumble your attack.
The ogre hits you with a +0 giant club!!
Ouch! That really hurt!
You die...

*,,* **<** *,,, *#####
**,, #######....#
****** #........#.#
****,,,,,
#......!.#.##*,,*,~,_,
#..#####.....,,**,~,,,
#..#~@~#...$..,,*,~~~~
#..#~O~#......,**,,,,,
##.#~(~#.......###*+++
#.#~(~#.....,...[....
#.#~(~#.....,..######
#.##(##.#####..######
#..[....# #..#######
#####(#### #.###.....
#....###.#...####


You could see an ogre (very poisoned).

Vanquished Creatures
  2 brain worms (Sewer)
  A jelly (D:4)
  A hound (D:4)
  Ijyb (D:5)
  A mummy (D:4)
  3 gnolls (D:3)
  8 adders
  A river rat (Sewer)
  A dart slug (D:1)
  A ribbon worm (D:2)
  2 orcs
  A bat (D:1)
  12 endoplasms
  5 giant cockroaches
  6 hobgoblins
  7 jackals
  2 quokkas (D:1)
  7 ball pythons
  5 frilled lizards
  4 goblins
  9 kobolds
  2 kobold zombies (D:4)
  2 orc zombies (D:4)
  6 rats
90 creatures vanquished.

Notes
Turn   | Place    | Note
-------+----------+-------------------------------------------
     0 | D:1      | Newt the Gargoyle Fighter began the quest for the Orb.
     0 | D:1      | Reached XP level 1. HP: 14/14 MP: 1/1
   175 | D:1      | Reached XP level 2. HP: 15/19 MP: 2/2
   451 | D:1      | Reached skill level 3 in Maces & Flails
   451 | D:1      | Reached XP level 3. HP: 24/24 MP: 3/3
  1344 | D:2      | Found a faded altar of an unknown god.
  1390 | D:2      | Reached XP level 4. HP: 22/29 MP: 4/4
  1705 | D:3      | Identified the staff "Pauted" {rElec rF++ Str+3 Dex-5
                  | Stlth+ Air}
  2126 | D:3      | Reached skill level 4 in Maces & Flails
  2426 | D:3      | Reached XP level 5. HP: 23/34 MP: 5/5
  2887 | D:4      | Found a sparkling altar of Nemelex Xobeh.
  3422 | D:4      | Found Loreuxek's Antique Weapon Boutique.
  3469 | D:5      | Entered Level 5 of the Dungeon
  3469 | D:5      | Found a stormy altar of Qazlal.
  3470 | D:5      | Noticed a fire elemental
  3493 | D:5      | Found a glowing drain.
  3494 | D:5      | Noticed Ijyb
  3506 | D:5      | Killed Ijyb
  3507 | D:5      | Reached skill level 5 in Maces & Flails
  3507 | D:5      | Reached XP level 6. HP: 30/40 MP: 6/6
  3514 | D:5      | Reached skill level 5 in Fighting
  3533 | Sewer    | Entered a sewer
  3973 | Sewer    | Reached skill level 6 in Maces & Flails
  4027 | D:5      | Mangled by an ogre

Illustrated notes

Levels and vault maps discovered:
D:1:      arrival_zaba_pyramid, layout_basic, hangedman_decor_diamond_cutter,
          minivault_14
D:2:      layout_basic, ebering_ecumenical_altar_abandoned
D:3:      mumra_celtic_spiral_tile, layout_basic, minmay_checkerbox
D:4:      layout_cave_pools, nemelex_xobeh_ov_fountains_minmay, serial_shops,
          kennysheep_little_box, minmay_mini_ossuary
D:5:      layout_rooms, nicolae_qazlal_style_of_elements,
          mainiacjoe_overflow_alcove_4, gup_sewer_entry_glass,
          minmay_ruined_shrine, uniq_ijyb, uniq_eustachio, uniq_grinder

Skill      XL: |  1  2  3  4  5  6 |
---------------+-------------------+-----
Maces & Flails | 3 4 5 6 |  6.0
Fighting       | 4 5 |  5.5
Armour         | |  3.2
Shields        | |  3.2

Action                     |  1- 3 |  4- 6 || total
---------------------------+-------+-------++-------
  Melee: Flail             |   102 |   232 ||   334
  Throw: Dart              |       |     5 ||     5
    Use: Scroll            |     1 |     7 ||     8
 Armour: Scale mail        |   116 |   227 ||   343
  Dodge: Dodged            |    44 |   128 ||   172
  Block: Buckler           |    29 |    56 ||    85

Table legend: (Time is in decaauts)
 A = Elapsed time spent in this place.
 B = Non-inter-level travel time spent in this place.
 C = Inter-level travel time spent in this place.
 D = Time resting spent in this place.
 E = Time spent auto-exploring this place.
 F = Levels seen in this place.
 G = Mean time per level.
                   A        B        C        D        E       F      G
               +--------+--------+--------+--------+--------+-----+--------+
         Total |   4170 |   3962 |    208 |    350 |   2823 |   6 |  695.0 |
       Dungeon |   3624 |   3416 |    208 |    253 |   2524 |   5 |  724.8 |
         Sewer |    546 |    546 |      0 |     97 |    299 |   1 |  546.0 |
               +--------+--------+--------+--------+--------+-----+--------+

Top non-repeatable levels by time:
     D:3: 1270 daAuts
     D:1: 829 daAuts
     D:2: 810 daAuts
     D:4: 625 daAuts
   Sewer: 546 daAuts
     D:5: 89 daAuts
